 Dungeon Crawl Stone Soup version 0.16-a0-4024-g0ecf4ac (console) character file.

294 vogonpoet the Slasher (level 6, 0/47 HPs)
             Began as a Demonspawn Berserker on Feb 18, 2015.
             Was a High Priest of Trog.
             Slain by Prince Ribbit (8 damage)
             ... on level 5 of the Dungeon.
             The game lasted 00:07:02 (2505 turns).

vogonpoet the Slasher (Demonspawn Berserker)        Turns: 2505, Time: 00:07:02

Health: 0/47       AC: 12    Str: 19    XL:     6   Next: 11%
Magic:  6/6        EV:  6    Int:  8    God:    Trog [*****.]
Gold:   180        SH:  0    Dex: 16    Spells: 0 memorised, 5 levels left

rFire  . . .     SeeInvis .     a - +0 falchion
rCold  . . .     Clarity  .     g - +0 plate armour
rNeg   . . .     SustAb   .     (no shield)
rPois  +         Gourm    .     (no helmet)
rElec  .         Spirit   .     (no cloak)
rCorr  .         Warding  .     (no gloves)
rMut   .         Stasis   .     (no boots)
MR     .....                    (no amulet)
Stlth  ..........               n - +3 ring of dexterity
                                j - ring of poison resistance

@: not resistant to hostile enchantments, extremely unstealthy
A: hooves 1, yellow scales 1, rot immunity
a: Burn Spellbooks, Berserk, Trog's Hand, Brothers in Arms, Renounce Religion


You were on level 5 of the Dungeon.
You worshipped Trog.
Trog was extremely pleased with you.
You were hungry.

You visited 1 branch of the dungeon, and saw 5 of its levels.

You collected 180 gold pieces.

Inventory:

Hand weapons
 a - a +0 falchion (weapon)
 i - a +0 falchion
 B - a +0 blowgun
Missiles
 d - 62 bolts
 z - 27 poisoned needles
Armour
 g - a +0 plate armour (worn)
 p - a +0 scale mail
Jewellery
 j - a ring of poison resistance (left hand)
 l - an uncursed ring of sustain abilities
 n - a +3 ring of dexterity (right hand)
 u - an uncursed ring of teleportation
 C - an uncursed amulet of resist corrosion {unknown}
Magical devices
 E - a wand of digging (17)
Scrolls
 e - a scroll of recharging
 m - a scroll of remove curse
 q - a scroll of teleportation
 w - a scroll of fear {unknown}
 x - a scroll of enchant armour {unknown}
 y - a scroll of random uselessness {unknown}
 D - a scroll of identify
Potions
 f - a potion of degeneration
 h - a potion of haste {unknown}
 k - a potion of agility {unknown}
 o - 2 potions of flight
 r - a potion of brilliance {unknown}
 t - 2 potions of might {unknown}
 A - a potion of ambrosia {unknown}
 F - a potion of curing {unknown}
Books
 s - a book of Death

   Spells                             Type                      Level
   a - Corpse Rot                     Necromancy                   2
   b - Sublimation of Blood           Necromancy                   2
   c - Agony                          Necromancy                   5
   d - Dispel Undead                  Necromancy                   5
   e - Excruciating Wounds            Charms/Necromancy            5
   f - Bolt of Draining               Conjuration/Necromancy       5
   Trog disapproves of the use of such an item.
Comestibles
 b - 2 meat rations
 c - 3 bread rations
 v - a beef jerky


   Skills:
 - Level 3.0 Fighting
 + Level 6.3 Long Blades
 - Level 1.7 Armour
 - Level 1.7 Dodging


You had 5 spell levels left.
You didn't know any spells.

Dungeon Overview and Level Annotations

Branches:
Dungeon (5/15)
 Temple: D:4-7

Altars:
Ru
Trog

Annotations:
D:5 Prince Ribbit


Innate Abilities, Weirdness & Mutations

You have large cloven feet.
You are partially covered in yellow scales (AC +2).
You are immune to rotting.


Message History

Aim: Prince Ribbit You shoot a poisoned needle.
The poisoned needle completely misses Prince Ribbit.
Prince Ribbit hits you! Prince Ribbit closely misses you.
Prince Ribbit blinks!
Prince Ribbit asks, "Just a little smooch?"
Firing (i - inventory):
z - 28 poisoned needles (quivered)
Press: ? - help, Shift-Dir - straight line, f/p - Prince Ribbit
Aim: Prince Ribbit You shoot a poisoned needle.
The poisoned needle completely misses Prince Ribbit.
Wield which item (- for none, * to show all)? (? for menu, Esc to quit)
a - a +0 falchion (weapon)
You miss Prince Ribbit.
You kick Prince Ribbit, but do no damage.
Prince Ribbit catches a fly with his tongue.
Prince Ribbit hits you!
* * * LOW HITPOINT WARNING * * *
Prince Ribbit hits you!
You die...

####+#.....#
..###..(..##+#.#
.........##### #
.............###
....###.....#.#
... ##.##(.#.# .
##...#..#.#
...._.....F######
..#...##..#@....#
..##.###..#.....#
...# #..#....<#
... ...#.....#
....#.....#
.#...+.....#
#...#.....#
###.....# #.....#


You could see Prince Ribbit.

Vanquished Creatures
  A giant frog skeleton (D:4)
  3 orc wizards
  A giant mite (D:4)
  6 adders
  2 worms
  An adder skeleton (D:4)
  4 giant geckos
  19 orcs
  7 bats
  A bat skeleton (D:3)
  6 giant cockroaches
  12 goblins
  7 hobgoblins
  2 jackals (D:2)
  9 kobolds
  2 quokkas
  2 ball pythons
  7 giant newts
  12 rats
104 creatures vanquished.

Notes
Turn   | Place    | Note
--------------------------------------------------------------
     0 | D:1      | vogonpoet, the Demonspawn Berserker, began the quest for the Orb.
     0 | D:1      | Reached XP level 1. HP: 18/18 MP: 1/1
   360 | D:1      | Gained mutation: You are partially covered in yellow scales (AC +2). [demonic ancestry]
   360 | D:1      | Reached XP level 2. HP: 21/24 MP: 2/2
   503 | D:1      | Acquired Trog's second power
   648 | D:2      | Reached XP level 3. HP: 18/29 MP: 3/3
   671 | D:2      | Found a sacrificial altar of Ru.
   712 | D:2      | Reached skill level 4 in Long Blades
  1061 | D:3      | Gained mutation: You are immune to rotting. [demonic ancestry]
  1061 | D:3      | Reached XP level 4. HP: 27/35 MP: 4/4
  1230 | D:3      | Reached skill level 5 in Long Blades
  1299 | D:3      | Acquired Trog's third power
  1386 | D:3      | Reached XP level 5. HP: 41/41 MP: 5/5
  1903 | D:4      | Found a sacrificial altar of Ru.
  2070 | D:4      | Reached skill level 6 in Long Blades
  2122 | D:4      | Gained mutation: You have large cloven feet. [demonic ancestry]
  2122 | D:4      | Reached XP level 6. HP: 34/47 MP: 6/6
  2469 | D:5      | Entered Level 5 of the Dungeon
  2472 | D:5      | Found a bloodstained altar of Trog.
  2484 | D:5      | Noticed Prince Ribbit
  2505 | D:5      | Slain by Prince Ribbit

Action                   |  1- 3 |  4- 6 || total
-------------------------+-------+-------++-------
Melee: Falchion          |   146 |   208 ||   354
 Fire: Blowgun           |       |     7 ||     7
  Use: Scroll            |     5 |     2 ||     7
  Eat: Chunk             |       |     5 ||     5
